 Dungeon Crawl Stone Soup version 0.27.1-34-g3ba077fa99 (webtiles) character file.

Game seed: 14538297620715857200

392 Cykl0x the Conjurer (level 6, 0/35 HPs)
             Began as a Gargoyle Conjurer on Jan 22, 2022.
             Was a Follower of Zin.
             Killed by divine providence
             ... invoked by an orc priest
              (13 damage)
             ... on level 4 of the Dungeon.
             The game lasted 00:10:04 (2920 turns).

Cykl0x the Conjurer (Gargoyle Conjurer)             Turns: 2920, Time: 00:10:04

Health: 0/35       AC: 16    Str: 13    XL:     6   Next: 80%
Magic:  11/18      EV:  9    Int: 18    God:    Zin [*.....]
Gold:   123        SH:  0    Dex:  8    Spells: 3/10 levels left

rFire    . . .     SeeInvis .   f - +0 short sword (protect)
rCold    . . .     Faith    .   (no shield)
rNeg     + . .     Spirit   .   m - +1 scale mail
rPois    ∞         Reflect  .   (no helmet)
rElec    +         Harm     .   (no cloak)
rCorr    +         Rampage  .   (no gloves)
Will     .....                  (no boots)
Stlth    ..........             (no amulet)
HPRegen  0.11/turn              n - +4 ring of protection
MPRegen  0.16/turn              i - ring of the Oligarchy {rCorr MP+9}

@: mighty, very slightly contaminated
A: sickness immunity, AC +4, negative energy resistance 1, electricity
resistance, torment resistance 1, petrification resistance
a: Renounce Religion, Recite, Donate Gold


You were on level 4 of the Dungeon.
You worshipped Zin.
Zin was aware of your devotion.
You visited 1 branch of the dungeon, and saw 4 of its levels.

You collected 136 gold pieces.
You donated 13 gold pieces to Zin.

Inventory:

Hand Weapons
 b - a +0 dagger
 f - a +0 short sword of protection (weapon)
Armour
 a - a +0 robe
 l - a +0 ring mail
 m - a +1 scale mail (worn)
Jewellery
 i - the ring of the Oligarchy (right hand) {rCorr MP+9}
   (You acquired it on level 3 of the Dungeon)

   [ring of magical power]

   MP:        It affects your magic capacity (+9).
   rCorr:     It protects you from acid and corrosion.
 n - a +4 ring of protection (left hand)
 p - a +4 ring of evasion
Potions
 d - a potion of flight
 o - a potion of invisibility {unknown}


   Skills:
 * Level 2.2 Fighting
 * Level 1.8 Long Blades
 * Level 2.8 Armour
 + Level 2.1 Dodging
 - Level 2.1 Stealth
 + Level 2.5 Spellcasting
 + Level 5.6 Conjurations
 * Level 1.5 Hexes
 * Level 1.7 Invocations


You had 3 spell levels left.
You knew the following spells:

 Your Spells              Type           Power      Damage    Failure   Level
a - Magic Dart            Conj           88%        1d7       8%          1
b - Searing Ray           Conj           44%        3d4       12%         2
c - Fulminant Prism       Conj/Hex       7%         3d7       86%         4

Your spell library contained the following spells:

 Spells                   Type           Power      Damage    Failure   Level
 Dazzling Flash           Conj/Hex       30%        N/A       45%         3
 Mephitic Cloud           Conj/Pois/Air  9%         N/A       71%         3
 Call Imp                 Summ           2%         N/A       75%         2
 Inner Flame              Hex/Fire       5%         N/A       86%         3
 Iskenderun's Mystic Bla  Conj/Tloc      12%        2d5       94%         4
 Cause Fear               Hex            3%         N/A       99%         4
 Discord                  Hex            3%         N/A       100%        8


Dungeon Overview and Level Annotations

Branches:
Dungeon (4/15)
 Temple: D:4-7

Altars:
Zin
Beogh

Shops:
D:3 :   D:4 =

Annotations:
D:4 hitsuchi's ghost, novice PaAK


Innate Abilities, Weirdness & Mutations

You are immune to sickness and miasma.
Your stone body is resilient. (AC +4)
You are immune to poison.
You resist negative energy. (rN+)
You are resistant to electric shocks. (rElec)
You are resistant to unholy torment.
You are immune to petrification.


Message History

You are very lightly contaminated with residual magic.
Nothing appears to happen.
The orc hits you with a +3 hand axe.
Unknown command.
Casting: Searing Ray (safe; 12% risk of failure)
Confirm with . or Enter, or press ? or * to list all spells.
Aiming: Searing Ray (safe; 12% risk of failure)
Press: ? - help, Shift-Dir - straight line The searing ray hits the orc.
The orc is moderately wounded.
The searing ray hits hitsuchi's ghost but does no damage.
The searing ray hits the orc priest but does no damage. (Press . to maintain the ray.)
The orc completely misses you.
The searing ray hits the orc!
You kill the orc!
The searing ray hits hitsuchi's ghost but does no damage.
The searing ray hits the orc priest.
The orc priest is moderately wounded.
The orc priest invokes the aid of Beogh against you.
Beogh smites you!
The searing ray hits hitsuchi's ghost.
Hitsuchi's ghost is lightly damaged.
The searing ray hits the orc priest but does no damage.
The orc priest is moderately wounded.
The searing ray hits the orc!
You kill the orc!
Hitsuchi's ghost hits you!
The searing ray hits hitsuchi's ghost but does no damage.
Hitsuchi's ghost is lightly damaged.
The searing ray hits the orc priest.
The orc priest is heavily wounded.
The searing ray hits the orc!
You kill the orc!
You finish channeling your searing ray.
Hitsuchi's ghost hits you!
* * * LOW HITPOINT WARNING * * *
You aren't carrying any scrolls.
You feel better. Hitsuchi's ghost closely misses you.
The orc priest calls down the wrath of Beogh upon you.
Beogh smites you!
You die...

..##..#..#
....#.#..#
[...#.'..#
_.8.#.'..#
[...#.o)##
....#o#o#
..##.o#o#
..8#..#W#
..##..#@#
8.....#.#
#######8#
###


You could see an orc priest, hitsuchi's ghost and 4 orcs.

Vanquished Creatures
  6 killer bees (D:4)
  An orc priest (D:3)
  4 adders
  A worm (D:2)
  6 orcs
  2 ball pythons
  2 bats
  3 endoplasms
  2 giant cockroaches
  7 goblins
  2 hobgoblins (D:1)
  2 jackals (D:2)
  3 kobolds
  2 quokkas
  4 frilled lizards (D:2)
  9 rats
56 creatures vanquished.

Notes
Turn   | Place    | Note
-------+----------+-------------------------------------------
     0 | D:1      | Cykl0x the Gargoyle Conjurer began the quest for the Orb.
     0 | D:1      | Reached XP level 1. HP: 10/10 MP: 3/3
   233 | D:1      | Found a faded altar of an unknown god.
   361 | D:1      | Reached XP level 2. HP: 15/15 MP: 3/5
   364 | D:1      | Learned a level 2 spell: Searing Ray
   897 | D:2      | Found a glowing silver altar of Zin.
   905 | D:2      | Reached skill level 1 in Armour
   911 | D:2      | Became a worshipper of Zin the Law-Giver
   996 | D:2      | Reached XP level 3. HP: 19/19 MP: 0/6
  1123 | D:2      | Reached * piety under Zin
  1240 | D:2      | Reached skill level 5 in Conjurations
  1878 | D:3      | Reached XP level 4. HP: 23/24 MP: 2/7
  2015 | D:3      | Found Bominil's Book Shoppe.
  2257 | D:3      | Reached skill level 1 in Fighting
  2257 | D:3      | Reached skill level 1 in Long Blades
  2358 | D:3      | Identified a scroll of acquirement
  2358 | D:3      | Acquired the ring of the Oligarchy {rCorr MP+9}
  2421 | D:4      | Reached XP level 5. HP: 29/29 MP: 3/8
  2426 | D:4      | Learned a level 4 spell: Fulminant Prism
  2505 | D:4      | Reached skill level 1 in Hexes
  2505 | D:4      | Reached skill level 1 in Invocations
  2513 | D:4      | Reached XP level 6. HP: 19/35 MP: 1/9
  2801 | D:4      | Found Hysk's Jewellery Shoppe.
  2893 | D:4      | Found a runed translucent gate.
  2893 | D:4      | Noticed hitsuchi's ghost (novice PaAK)
  2894 | D:4      | Found a runed translucent gate.
  2895 | D:4      | Found a runed translucent gate.
  2920 | D:4      | Killed from afar by an orc priest

Illustrated notes

Levels and vault maps discovered:
D:1:      dpeg_arrival_more_subterranean_lakeside_camping, layout_loops_ring,
          hellmonk_ecumenical_altar_zigzags
D:2:      layout_rooms, basic_altar
D:3:      layout_rooms, serial_shops, nicolae_shop_waterfront
D:4:      mumra_celtic_spiral_tile, layout_loops_corners,
          mainiacjoe_overflow_alcove_2, serial_shops, kennysheep_little_box,
          biasface_ghost_orc_armoury

Skill      XL: |  1  2  3  4  5  6 |
---------------+-------------------+-----
Armour         | 1 2 |  2.8
Conjurations   | 5 |  5.6
Fighting       | 1 2 |  2.2
Long Blades    | 1 |  1.8
Dodging        | 2 |  2.1
Hexes          | 1 |  1.5
Invocations    | 1 |  1.7
Stealth        | |  2.1
Spellcasting   | |  2.5

Action                   |  1- 3 |  4- 6 || total
-------------------------+-------+-------++-------
Melee: Dagger            |     9 |       ||     9
       Unarmed           |     3 |       ||     3
       Short sword       |    35 |    67 ||   102
 Cast: Magic Dart        |    47 |    10 ||    57
       Searing Ray       |     5 |     9 ||    14
  Use: Scroll            |     5 |     6 ||    11
       Potion            |       |     4 ||     4
 Stab: Sleeping          |     1 |       ||     1
Armor: Robe              |     9 |       ||     9
       Scale mail        |    11 |    59 ||    70
Dodge: Dodged            |    23 |    78 ||   101
